 Dungeon Crawl Stone Soup version 0.29-a0-330-g52719c12eb (webtiles) character file.

Game seed: 6375495876482435173

61 HoaS the Shooter (level 4, 0/26 HPs)
             Began as a Gargoyle Hunter on May 18, 2022.
             Slain by a scorpion (5 damage)
             ... on level 4 of the Dungeon.
             The game lasted 00:03:18 (1528 turns).

HoaS the Shooter (Gargoyle Hunter)                  Turns: 1528, Time: 00:03:19

Health: 0/26       AC: 11    Str: 15    XL:     4   Next: 7%
Magic:  4/4        EV:  6    Int: 15    God:
Gold:   164        SH:  0    Dex: 15    Spells: 3/3 levels left

rFire   . . .      SeeInvis .   a - +2 shortbow
rCold   . . .      Faith    .   (shield currently unavailable)
rNeg    + . .      Spirit   .   j - +0 chain mail
rPois   ∞          Reflect  .   (no helmet)
rElec   +          Harm     .   (no cloak)
rCorr   +          Rampage  .   (no gloves)
Will    .....                   (no boots)
Stlth   ..........              (no amulet)
HPRegen 0.08/turn               h - +6 ring of intelligence
MPRegen 0.09/turn               l - ring of resist corrosion

@: no status effects
A: sickness immunity, AC +3, negative energy resistance 1, electricity
resistance, torment resistance 1, petrification resistance
a: no special abilities


You were on level 4 of the Dungeon.
You visited 1 branch of the dungeon, and saw 3 of its levels.

You collected 164 gold pieces.

Inventory:

Hand Weapons
 a - a +2 shortbow (weapon)
Armour
 j - a +0 chain mail (worn)
Jewellery
 h - a +6 ring of intelligence (left hand)
 l - a ring of resist corrosion (right hand)
Wands
 k - a wand of mindburst (16)
Scrolls
 c - 2 scrolls of immolation
 o - a scroll of enchant weapon
Potions
 b - 2 potions of resistance
 d - 5 potions of curing
 e - a potion of berserk rage
 f - a potion of haste {unknown}
 g - a potion of attraction {unknown}
 i - a potion of magic {unknown}
 m - a potion of brilliance {unknown}
 n - a potion of invisibility {unknown}
 p - a potion of might {unknown}


   Skills:
 - Level 2.1 Fighting
 * Level 5.5 Bows
 - Level 1.5 Dodging
 - Level 1.1 Stealth


You had 3 spell levels left.
You didn't know any spells.
Your spell library contained the following spells:

 Spells                   Type           Power      Damage    Failure   Level
 Malign Gateway           Summ/Tloc      0%         N/A       100%        7
 Borgnjor's Revivificati  Necr           0%         N/A       100%        8
 Necromutation            Tmut/Necr      0%         N/A       100%        8
 Summon Horrible Things   Summ           0%         N/A       100%        8
 Death's Door             Necr           0%         N/A       100%        9


Dungeon Overview and Level Annotations

Branches:
Dungeon (2/15)

Altars:
Uskayaw


Innate Abilities, Weirdness & Mutations

You are immune to sickness and miasma.
Your stone body is resilient. (AC +3)
You are immune to poison.
You resist negative energy. (rN+)
You are resistant to electric shocks. (rElec)
You are resistant to unholy torment.
You are immune to petrification.


Message History

You shoot an arrow. The arrow closely misses the scorpion.
The scorpion stings you.
The scorpion stings you but does no damage.
You shoot an arrow. The arrow hits the scorpion.
The scorpion is moderately wounded.
The scorpion closely misses you.
The scorpion stings you but does no damage.
You shoot an arrow. The arrow hits the scorpion.
The scorpion is heavily wounded.
The scorpion stings you. The scorpion barely misses you.
You shoot an arrow. The arrow hits the scorpion.
The scorpion is severely wounded.
The scorpion stings you but does no damage.
The scorpion barely misses you.
You shoot an arrow. The arrow barely misses the scorpion.
The scorpion stings you. x2
The scorpion stings you but does no damage.
You are too injured to fight recklessly!
You are too injured to fight recklessly!
You are too injured to fight recklessly!
You are too injured to fight recklessly!
Shoot: a) +2 shortbow
Press: ? - help, Q - select action, (/) - cycle Shift-Dir - straight line, f/p - scorpion
Aim: a scorpion (severely wounded, 64% to hit)
You shoot an arrow. The arrow closely misses the scorpion.
The scorpion stings you.
The scorpion stings you but does no damage.
Shoot: a) +2 shortbow
Press: ? - help, Q - select action, (/) - cycle Shift-Dir - straight line, f/p - scorpion
Aim: a scorpion (severely wounded, 64% to hit)
You shoot an arrow. The arrow barely misses the scorpion.
The scorpion stings you. x2
* * * LOW HITPOINT WARNING * * *
Shoot: a) +2 shortbow
Press: ? - help, Q - select action, (/) - cycle Shift-Dir - straight line, f/p - scorpion
Aim: a scorpion (severely wounded, 64% to hit)
You shoot an arrow. The arrow hits the scorpion.
The scorpion is almost dead.
The scorpion stings you.
You die...

##.### #....# #....#
#....# ###### #....
#..... ... #.....
#s# #...). #@#
#..... #.# #.....
###.######### #.....
#...........# ####.#
#...........# #.#
#...........# #.#
#...........# #.#
#...........######.#
###................#


You could see a scorpion.

Vanquished Creatures
  2 adders
  A worm (D:2)
  2 dart slugs
  5 ball pythons
  5 endoplasms
  A giant cockroach (D:4)
  2 hobgoblins
  2 quokkas (D:1)
  5 bats
  2 frilled lizards (D:1)
  4 goblins
  4 kobolds (D:1)
  A rat (D:1)
36 creatures vanquished.

Notes
Turn   | Place    | Note
-------+----------+-------------------------------------------
     0 | D:1      | HoaS the Gargoyle Hunter began the quest for the Orb.
     0 | D:1      | Reached XP level 1. HP: 12/12 MP: 1/1
    41 | D:1      | Reached XP level 2. HP: 17/17 MP: 2/2
   243 | D:1      | Found a faded altar of an unknown god.
   425 | D:1      | Reached XP level 3. HP: 21/21 MP: 3/3
   773 | D:2      | Reached skill level 5 in Bows
  1000 | D:2      | Found a hide-covered altar of Uskayaw.
  1318 | D:2      | You fall into a shaft and drop 2 floors!
  1440 | D:4      | Reached XP level 4. HP: 22/26 MP: 4/4
  1519 | D:4      | Noticed a scorpion
  1528 | D:4      | Slain by a scorpion

Illustrated notes

Levels and vault maps discovered:
D:1:      minmay_arrival_doors, layout_basic, hellmonk_ecumenical_altar_blasted
D:2:      layout_loops_ring, basic_altar, corexii_corridor_pit,
          wander_ebering_terrifying_dragon_lair
D:4:      gammafunk_wand_slinger, layout_basic,
          minmay_temple_entry_glassed_door, grunt_ministairs_9, grunt_decor_cap

Skill      XL: |  1  2  3 |
---------------+----------+-----
Bows           | 5 |  5.5
Fighting       | |  2.1
Dodging        | |  1.5
Stealth        | |  1.1

Action                   |  1- 3 |  4- 6 || total
-------------------------+-------+-------++-------
 Fire: Shortbow          |    94 |     9 ||   103
  Use: Scroll            |     6 |       ||     6
Armor: Leather armour    |     3 |       ||     3
       Chain mail        |    14 |     5 ||    19
Dodge: Dodged            |    13 |     3 ||    16

Table legend: (Time is in decaauts)
 A = Elapsed time spent in this place.
 B = Non-inter-level travel time spent in this place.
 C = Inter-level travel time spent in this place.
 D = Time resting spent in this place.
 E = Time spent auto-exploring this place.
 F = Levels seen in this place.
 G = Mean time per level.
                   A        B        C        D        E       F      G
               +--------+--------+--------+--------+--------+-----+--------+
         Total |   1582 |   1550 |     32 |    100 |   1175 |   3 |  527.3 |
       Dungeon |   1582 |   1550 |     32 |    100 |   1175 |   3 |  527.3 |
               +--------+--------+--------+--------+--------+-----+--------+

Top non-repeatable levels by time:
     D:1: 785 daAuts
     D:2: 569 daAuts
     D:4: 227 daAuts
